 Dungeon Sprint DCSS version 0.17-a0-1663-gb806841 (webtiles) character file.

718 Kidiri the Covert (level 7, -12/32 HPs)
             Began as a Spriggan Enchanter on Aug 16, 2015.
             Mangled by a kraken (44 damage)
             ... in the Dungeon (Sprint II: "The Violet Keep of Menkaure").
             The game lasted 00:02:04 (553 turns).

Kidiri the Covert (Spriggan Enchanter)               Turns: 553, Time: 00:02:04

Health: -12/32     AC:  3    Str:  4    XL:     7   Next: 42%
Magic:  9/20       EV: 27    Int: 17    God:
Gold:   972        SH:  0    Dex: 18    Spells: 5 memorised, 12 levels left

rFire  . . .     SeeInvis +     a - +1 dagger
rCold  . . .     Clarity  .     b - +1 robe
rNeg   . . .     SustAt   .     (shield restricted)
rPois  .         Gourm    .     (helmet restricted)
rElec  .         Spirit   .     (no cloak)
rCorr  .         Warding  .     (gloves unavailable)
rMut   .         NoTele   +     (boots unavailable)
MR     +....                    (no amulet)
Stlth  ++++++....               (no ring)
                                (no ring)

@: very quick, somewhat resistant to hostile enchantments, very stealthy
A: unfitting armour, see invisible, herbivore 3, speed 3, slow metabolism 2
a: no special abilities


You were in the Dungeon.
You were not hungry.

You visited 1 branch You collected 972 gold pieces.

Inventory:

Hand weapons
 a - a +1 dagger (weapon)
Armour
 b - a +1 robe (worn)
Scrolls
 j - a scroll of blinking
Potions
 e - a potion of curing
 f - a potion of heal wounds
 g - a potion of haste
 h - 2 potions of magic
 i - a potion of berserk rage
Comestibles
 d - a bread ration


   Skills:
 + Level 5.8 Short Blades
 * Level 11.0 Dodging
 * Level 12.1 Stealth
 * Level 9.4 Spellcasting
 + Level 2.6 Conjurations
 + Level 7.4 Hexes
 + Level 3.9 Ice Magic


You had 12 spell levels left.
You knew the following spells:

 Your Spells              Type           Power        Failure   Level  Hunger
a - Corona                Hex            ####...      1%          1    None
b - Ensorcelled Hibernat  Hex/Ice        ####..       1%          2    None
c - Confuse               Hex            ####....     1%          3    None
d - Tukima's Dance        Hex            ####....     1%          3    None
e - Dazzling Spray        Conj/Hex       ####....     4%          3    None


Dungeon Overview and Level Annotations

Branches:
Dungeon (1/1)

Altars:

Shops:
D [?


Innate Abilities, Weirdness & Mutations

You are tiny and cannot use many weapons and most armour.
You have supernaturally acute eyesight.
You are a herbivore.
You cover ground extremely quickly.
You need consume almost no food.


Message History

The kraken is moderately wounded.
The kraken completely misses you.
Casting: Dazzling Spray
Confirm with . or Enter, or press ? or * to list all spells.
Aiming: Dazzling Spray
Press: ? - help, Shift-Dir - straight line, f/p - kraken
Aim: a kraken (water, moderately wounded)
The spray of energy hits the kraken.
The kraken is moderately wounded.
The kraken is dazzled.
The kraken misses you. The kraken completely misses you.
You hit the kraken but do no damage.
The kraken is moderately wounded.
The kraken closely misses you.
You hit the kraken.
The kraken is moderately wounded.
You hit the kraken but do no damage.
The kraken is moderately wounded.
The kraken bites you!!!
Ouch! That really hurt!
You die...

+#### §§.§§§§##
§...§§.##
..8§§§§§# .§§§§.
# §.§§
###≈≈#+++#+++##
##≈≈≈..@......#
∩#≈≈≈≈X##'##..#
.#≈≈≈≈##.#.##
∩#≈≈≈≈#:##..#
.#≈≈#####..####
.#≈##.###'###.##
.#≈##..##.##.).#
.+ +.##'.<.'.#.+
##..##.##...#


You could see a kraken (blind).

Vanquished Creatures
  A siren (D)
  4 brain worms (D)
  4 worker ants (D)
  3 worms (D)
12 creatures vanquished.

Notes
Turn   | Place    | Note
--------------------------------------------------------------
     0 | D        | Kidiri the Spriggan Enchanter began the quest for the Orb.
     0 | D        | Reached XP level 1. HP: 9/9 MP: 5/5
    15 | D        | Reached skill level 5 in Stealth
    34 | D        | Noticed an ice statue
    37 | D        | Reached XP level 2. HP: 13/13 MP: 7/7
    49 | D        | Learned a level 2 spell: Ensorcelled Hibernation
   153 | D        | Noticed a worker ant
   153 | D        | Noticed a worker ant
   153 | D        | Noticed a worker ant
   153 | D        | Noticed a worker ant
   220 | D        | Killed a worker ant
   220 | D        | Reached skill level 5 in Dodging
   220 | D        | Reached skill level 6 in Stealth
   220 | D        | Reached XP level 3. HP: 16/16 MP: 5/9
   224 | D        | Killed a worker ant
   224 | D        | Reached skill level 7 in Stealth
   224 | D        | Reached skill level 5 in Spellcasting
   224 | D        | Reached skill level 1 in Ice Magic
   225 | D        | Killed a worker ant
   225 | D        | Reached skill level 5 in Hexes
   225 | D        | Reached XP level 4. HP: 21/21 MP: 6/12
   228 | D        | Killed a worker ant
   228 | D        | Reached skill level 8 in Stealth
   287 | D        | Noticed a brain worm
   293 | D        | Killed a brain worm
   293 | D        | Reached skill level 9 in Stealth
   293 | D        | Reached XP level 5. HP: 24/24 MP: 11/15
   305 | D        | Noticed a brain worm
   313 | D        | Learned a level 3 spell: Confuse
   317 | D        | Learned a level 3 spell: Tukima's Dance
   321 | D        | Learned a level 3 spell: Dazzling Spray
   339 | D        | Killed a brain worm
   342 | D        | Noticed a brain worm
   342 | D        | Noticed a brain worm
   344 | D        | Killed a brain worm
   344 | D        | Reached skill level 10 in Stealth
   344 | D        | Reached skill level 1 in Conjurations
   344 | D        | Reached XP level 6. HP: 28/28 MP: 15/17
   351 | D        | Killed a brain worm
   351 | D        | Reached skill level 5 in Short Blades
   512 | D        | Noticed a siren
   515 | D        | Killed a siren
   515 | D        | Reached skill level 11 in Dodging
   515 | D        | Reached skill level 12 in Stealth
   515 | D        | Reached XP level 7. HP: 32/32 MP: 18/20
   544 | D        | Noticed a kraken
   545 | D        | Found Zocrid's Antique Armour Shoppe.
   545 | D        | Found Kevyos's Magic Scroll Emporium.
   553 | D        | Mangled by a kraken

Vault maps used:
D:        the_violet_keep_of_menkaure

Action                   |  1- 3 |  4- 6 |  7- 9 || total
-------------------------+-------+-------+-------++-------
Melee: Dagger            |    14 |    10 |     4 ||    28
 Cast: Corona            |     1 |       |       ||     1
       Ensorcelled Hiber |     3 |     6 |       ||     9
       Dazzling Spray    |       |       |     4 ||     4
 Stab: Sleeping          |     5 |     6 |     1 ||    12
